 Dungeon Sprint DCSS version 0.29.1-2-gbd0b4ee654 (webtiles) character file.

Game seed: 3444

3355 Ashen the Bludgeoner (level 9, 0/83 HPs)
             Began as a Demonspawn Hedge Wizard on Oct 26, 2022.
             Was the Champion of Makhleb.
             Slain by a shadow wraith (2 damage)
             ... summoned by a mummy priest
             ... in the Dungeon (Sprint V: "Ziggurat Sprint").
             The game lasted 00:07:56 (750 turns).

Ashen the Bludgeoner (Demonspawn Hedge Wizard)       Turns: 750, Time: 00:07:57

Health: 0/83       AC: 18    Str: 23    XL:     9   Next: 73%
Magic:  13/14      EV: 15    Int: 23    God:    Makhleb [******]
Gold:   0          SH:  0    Dex: 13    Spells: 5/15 levels left

rFire   . . .      SeeInvis .   D - +10 dark maul {vorpal}
rCold   . . .      Faith    .   (shield currently unavailable)
rNeg    + . .      Spirit   .   E - +5 shadow dragon scales
rPois   .          Reflect  .   c - +0 hat
rElec   .          Harm     .   (no cloak)
rCorr   .          Rampage  .   (no gloves)
Will    +++..      Clarity  +   (no boots)
Stlth   +++....... NoTele   +   F - amulet of the Four Winds {rN+ Will+++ Clar}
HPRegen 0.23/turn               z - +6 ring of strength
MPRegen 0.14/turn               A - +6 ring of strength

@: agile, weakened, on berserk cooldown, slowed, very slow
A: powered by death 2, powered by pain 1, big brain 2, weakness stinger 2
a: Renounce Religion, Minor Destruction, Lesser Servant of Makhleb, Major
Destruction, Greater Servant of Makhleb


You were in the Dungeon.
You worshipped Makhleb.
Makhleb was exalted by your worship.
You visited 1 branch

Inventory:

Hand Weapons
 a - a +0 dagger
 C - the +6 Majin-Bo {vamp, MP+6 Int+6}
   (You found it in the Dungeon)

   It heals its wielder for a portion of the damage dealt when they wound a
   living foe with it or with a spell.
   Its wielder's spells cost health as well as magical power.
   Int:       It affects your intelligence (+6).
   MP:        It affects your magic capacity (+6).
 D - the +10 dark maul (weapon) {vorpal}
   (You found it in the Dungeon)

   It inflicts extra damage upon your enemies.
 G - the +7 long sword "Pongam" {vorpal, Dex+4 SInv}
   (You found it in the Dungeon)

   It inflicts extra damage upon your enemies.
   Dex:       It affects your dexterity (+4).
   SInv:      It lets you see invisible.
Armour
 b - a +0 robe
 c - a +0 hat (worn)
 E - +5 shadow dragon scales (worn)
 J - a +0 buckler of protection
Jewellery
 m - an amulet of faith
 u - a ring of flight
 v - a +6 ring of dexterity
 w - a +6 ring of dexterity
 x - a +6 ring of intelligence
 y - a +6 ring of intelligence
 z - a +6 ring of strength (left hand)
 A - a +6 ring of strength (right hand)
 F - the amulet of the Four Winds (around neck) {rN+ Will+++ Clar}
   (You found it in the Dungeon)

   [amulet of nothing]

   rN:        It protects you from negative energy.
   Clar:      It protects you against confusion.
   Will:      It greatly increases your willpower.
Wands
 s - a wand of mindburst (7)
 t - a wand of quicksilver (7)
Scrolls
 i - 4 scrolls of blinking
 k - 4 scrolls of enchant armour
 o - 4 scrolls of amnesia
 p - 7 scrolls of butterflies
 q - 5 scrolls of identify
 r - 2 scrolls of fear
 H - a scroll of brand weapon
Potions
 d - 8 potions of magic
 e - 10 potions of curing
 f - 10 potions of heal wounds
 g - 4 potions of haste
 j - 2 potions of brilliance
 l - 4 potions of resistance
 n - 2 potions of might
Miscellaneous
 B - a lightning rod (4/4)
 I - a phial of floods


   Skills:
 + Level 12.4 Fighting
 * Level 15.8 Maces & Flails
 + Level 4.4 Armour
 + Level 4.9 Dodging
 - Level 1.7 Stealth
 + Level 3.6 Spellcasting
 - Level 1.0 Conjurations
 - Level 1.0 Summonings
 - Level 0.8 Translocations
 + Level 1.7 Earth Magic


You had 5 spell levels left.
You knew the following spells:

 Your Spells              Type           Power      Damage    Failure   Level
a - Magic Dart            Conj           32%        1d4       47%         1
b - Shatter               Erth           6%         3d9*      100%        9

Your spell library contained the following spells:

 Spells                   Type           Power      Damage    Failure   Level
 Slow                     Hex            16%        N/A       63%         1
 Call Imp                 Summ           8%         N/A       63%         2
 Blink                    Tloc           16%        N/A       65%         2
 Passwall                 Tmut/Erth      6%         N/A       65%         2
 Static Discharge         Conj/Air       6%         3-4/arc   71%         2
 Teleport Other           Tloc           8%         N/A       86%         3
 Conjure Flame            Conj/Fire      6%         6-21      90%         3
 Dazzling Flash           Conj/Hex       12%        N/A       90%         3
 Mephitic Cloud           Conj/Pois/Air  5%         N/A       91%         3
 Lee's Rapid Deconstruct  Erth           6%         3d7*      100%        5
 Lightning Bolt           Conj/Air       3%         1d14      100%        5
 Summon Mana Viper        Hex/Summ       6%         N/A       100%        5
 Conjure Ball Lightning   Conj/Air       3%         3x3d6     100%        6
 Maxwell's Capacitive Co  Air            2%         ∞         100%        8


Dungeon Overview and Level Annotations

Branches:
Dungeon (1/1)

Altars:
Ashenzari
Cheibriados
Dithmenos
Fedhas
Gozag
Hepliaklqana
Kikubaaqudgha
Makhleb
Nemelex Xobeh
Okawaru
Qazlal
Ru
Sif Muna
Trog
Uskayaw
Vehumet
Wu Jian
Xom
Yredelemnul
Jiyva
Lugonu

Annotations:
D 1 transporter


Innate Abilities, Weirdness & Mutations

You regenerate health from kills.
You sometimes gain a little power by taking damage.
You have an extremely huge brain. (Int +4)
You have a tail ending in a sharp stinger.


Message History

Something barely misses you. Something bites you but does no damage.
The ynoxinul gestures.
The ufetubus barely misses you.
The ufetubus hits you but does no damage.
You feel your dexterity returning.
You sock the mummy!
The mummy is almost destroyed.
The ufetubus misses you. The ufetubus barely misses you. The shadow hits you.
The orange demon stings you!
* * * LOW HITPOINT WARNING * * *
The orange demon barely misses you. The wraith hits you but does no damage.
Something hits you but does no damage. Something bites you.
* * * LOW HITPOINT WARNING * * *
Something draws strength from your injuries!
Something hits you!
* * * LOW HITPOINT WARNING * * *
Something drains your vigour!
You feel yourself slow down. The mummy closely misses you. The shadow hits you.
* * * LOW HITPOINT WARNING * * *
You are too berserk!
Unknown command.
You are too berserk!
You hammer the mummy like a gong!!!
You destroy the mummy!
Makhleb accepts your kill.
You are no longer berserk.
You are exhausted.
You feel as though you will be slow longer.
The orange demon stings you.
* * * LOW HITPOINT WARNING * * *
The orange demon misses you. The wraith completely misses you.
Something hits you but does no damage. Something bites you but does no damage.
Something barely misses you.
The shadow slips into darkness.
The shadow flickers and vanishes!
The ynoxinul hits you but does no damage.
The orange demon misses you. The orange demon closely misses you.
Something hits you but does no damage. Something bites you but does no damage.
The wraith barely misses you. Something hits you.
You die...

▓▓▓▓▓▓▓▓▓
▓..8©8..▓
▓..)):..▓
▓..)")..▓
▓.......▓
▓.......▓
▓...M55.▓
▓..W.{5.▓
▓..{@45.▓
▓..W©35.▓
▓▓▓▓▓▓▓▓▓


You could see a mummy priest, an orange demon (summoned), a freezing wraith
(summoned), a ynoxinul (summoned), a wraith (summoned) and 5 ufetubi.

Vanquished Creatures
  A death scarab (D)
  A red devil (D)
  2 guardian mummies (D)
  2 merfolk (D)
  3 polar bears (D)
  A flying skull (D)
  2 spriggans (D)
  A neqoxec (D)
  A chaos spawn (D)
  A black bear (D)
  A wolf (D)
  A quasit (D)
  An iron imp (D)
  2 iguanas (D)
  A mummy (D)
  A shadow imp (D)
  A white imp (D)
  An adder zombie (D)
  A bat zombie (D)
  3 jackals (D)
  A bat simulacrum (D)
29 creatures vanquished.

Notes
Turn   | Place    | Note
-------+----------+-------------------------------------------
     0 | D        | Ashen the Demonspawn Hedge Wizard began the quest for the
                  | Orb.
     0 | D        | Reached XP level 1. HP: 13/13 MP: 4/4
     0 | D        | Found a shimmering blue altar of Sif Muna.
     0 | D        | Found a sacrificial altar of Ru.
     0 | D        | Found a bloodstained altar of Trog.
     0 | D        | Found a stormy altar of Qazlal.
     0 | D        | Found an iron altar of Okawaru.
     0 | D        | Found a sparkling altar of Nemelex Xobeh.
     0 | D        | Found a blossoming altar of Fedhas.
     0 | D        | Found the +6 Majin-Bo {vamp, MP+6 Int+6}
     0 | D        | Found the +9 heavy crossbow "Sniper" {vorpal, Acc+∞ SInv}
     0 | D        | Found the +10 dark maul {vorpal}
     0 | D        | Found the +15 Maxwell's patent armour {-Cast -Tele rElec
                  | Will+ rCorr}
     0 | D        | Found the +18 shield of the Gong {rElec rN+ Will+ EV-5}
     0 | D        | Found the +14 obsidian axe {vorpal, Mesm Drain Fly SInv}
     0 | D        | Found the +7 great mace "Firestarter" {inner flame, rF++}
     0 | D        | Found the +6 shillelagh "Devastator" {shatter}
     0 | D        | Found the +11 plutonium sword {Contam Stlth-}
     0 | D        | Found the +8 lance "Wyrmbane" {slay drac, rPois rF+ rC+
                  | AC+3}
     0 | D        | Found the +9 sword of Zonguldrok {reap}
     0 | D        | Found the +13 scythe of Curses {drain, Drain}
     0 | D        | Found the +5 sword of Power {vorpal}
     0 | D        | Found the +7 mace of Variability {chain chaos}
     0 | D        | Found the +7 Singing Sword {vorpal, sonic wave}
     0 | D        | Found the +8 storm bow {elec, penet}
     2 | D        | Found a transporter.
     2 | D        | Found an ancient bone altar of Kikubaaqudgha.
     2 | D        | Found a viscous altar of Jiyva.
     2 | D        | Found a corrupted altar of Lugonu.
     2 | D        | Found a hazy altar of Hepliaklqana.
     2 | D        | Found a burning altar of Makhleb.
     2 | D        | Found an opulent altar of Gozag.
    57 | D        | Became a worshipper of Makhleb the Destroyer
    58 | D        | Reached skill level 5 in Maces & Flails
    58 | D        | Gained mutation: You regenerate a little health from kills.
                  | [demonic ancestry]
    58 | D        | Reached XP level 2. HP: 25/25 MP: 6/6
    68 | D        | Entered arena 2.
    68 | D        | Noticed a merfolk
    68 | D        | Noticed a merfolk
    68 | D        | Found a transporter.
    72 | D        | Killed a merfolk
    73 | D        | Reached skill level 9 in Maces & Flails
    73 | D        | Gained mutation: You have a small tail. [demonic ancestry]
    73 | D        | Reached XP level 3. HP: 16/36 MP: 7/7
    73 | D        | Gained mutation: You have an unusually large brain. (Int
                  | +2) [demonic ancestry]
    73 | D        | Reached XP level 4. HP: 20/43 MP: 8/8
    73 | D        | Gained mutation: You sometimes gain a little power by
                  | taking damage. [demonic ancestry]
    73 | D        | Reached XP level 5. HP: 22/48 MP: 9/9
    74 | D        | Killed a merfolk
    75 | D        | Reached skill level 11 in Maces & Flails
    75 | D        | Gained mutation: You have a tail ending in a sharp stinger.
                  | [demonic ancestry]
    75 | D        | Reached XP level 6. HP: 17/57 MP: 10/10
   300 | D        | Entered arena 3.
   300 | D        | Noticed a death scarab
   300 | D        | Found a transporter.
   304 | D        | Reached * piety under Makhleb
   307 | D        | Killed a death scarab
   308 | D        | Reached skill level 10 in Fighting
   308 | D        | Reached skill level 13 in Maces & Flails
   308 | D        | Gained mutation: You have an extremely huge brain. (Int +4)
                  | [demonic ancestry]
   308 | D        | Reached XP level 7. HP: 67/67 MP: 11/11
   308 | D        | Gained mutation: You regenerate health from kills. [demonic
                  | ancestry]
   308 | D        | Reached XP level 8. HP: 73/73 MP: 12/12
   316 | D        | Entered arena 4.
   316 | D        | Found the amulet of the Four Winds {rN+ Will+++ Clar}
   316 | D        | Noticed a polar bear
   316 | D        | Noticed a polar bear
   316 | D        | Noticed a polar bear
   316 | D        | Found a transporter.
   322 | D        | Killed a polar bear
   322 | D        | Reached ** piety under Makhleb
   324 | D        | Killed a polar bear
   325 | D        | Reached skill level 14 in Maces & Flails
   327 | D        | Killed a polar bear
   334 | D        | Got the Grimoire of Geology
   344 | D        | Got the +7 long sword "Pongam" {vorpal, Dex+4 SInv}
   447 | D        | Entered arena 5.
   447 | D        | Found a transporter.
   452 | D        | Reached *** piety under Makhleb
   453 | D        | Reached skill level 1 in Armour
   456 | D        | Reached XP level 9. HP: 82/82 MP: 13/13
   491 | D        | Entered arena 6.
   491 | D        | Found a transporter.
   494 | D        | Reached **** piety under Makhleb
   495 | D        | Reached skill level 15 in Maces & Flails
   502 | D        | Reached ***** piety under Makhleb
   507 | D        | Got Baetruv's Parchment of the Called Wayfarer
   517 | D        | Entered arena 7.
   517 | D        | Noticed a red devil
   518 | D        | Found a transporter.
   532 | D        | Killed a red devil
   568 | D        | Got the Codex of the Lethal Flock
   738 | D        | Learned a level 9 spell: Shatter
   738 | D        | Entered arena 8.
   738 | D        | Noticed a guardian mummy
   738 | D        | Noticed a guardian mummy
   738 | D        | Noticed a mummy priest
   744 | D        | Noticed an orange demon
   744 | D        | Found a transporter.
   746 | D        | Noticed a freezing wraith
   747 | D        | Killed a guardian mummy
   748 | D        | Reached skill level 1 in Earth Magic
   748 | D        | Killed a guardian mummy
   748 | D        | Reached ****** piety under Makhleb
   749 | D        | HP: 3/124 [shadow[a mummy priest] (5)]
   750 | D        | Slain by a shadow wraith

Illustrated notes

Levels and vault maps discovered:
D:        sprint_v [room_start, room_1, room_2, room_3, room_4, room_5, room_6,
          room_7, room_8, room_9, room_10, room_11, room_12, room_13, room_14,
          room_15, room_16, room_17, room_18, room_19, room_20, room_21,
          room_22, room_23, room_24, room_25, room_26, room_27]

Skill      XL: |  1  2  3  4  5  6  7  8  9 |
---------------+----------------------------+-----
Fighting       | 4 7 8 10 11 12 | 12.4
Maces & Flails | 5 9 11 13 14 15 | 15.8
Armour         | 2 4 |  4.4
Dodging        | 3 4 |  4.9
Earth Magic    | 1 |  1.7
Stealth        | |  1.7
Spellcasting   | |  3.6
Conjurations   | |  1.0
Summonings     | |  1.0
Translocations | |  0.8

Action                   |  1- 3 |  4- 6 |  7- 9 || total
-------------------------+-------+-------+-------++-------
Melee: Maul              |     3 |     4 |    42 ||    49
       Tailslap          |       |       |     4 ||     4
Evoke: Lightning rod     |       |       |     3 ||     3
  Use: Potion            |     4 |     3 |     5 ||    12
 Stab: Invisible         |       |     1 |     2 ||     3
Armor: Shadow dragon sca |     4 |     2 |   122 ||   128
Dodge: Dodged            |     2 |       |    90 ||    92
